 Dungeon Crawl Stone Soup version 0.30-b1-2-g02819fbbbe (webtiles) character file.

Game seed: 12908169572593790840

4031 LLlMATKO the Cleaver (level 10, -1/91 HPs)
             Began as a Minotaur Berserker on Sept 24, 2023.
             Was a Priest of Trog.
             Slain by a gnoll
             ... wielding a +0 halberd
             ... led by a gnoll sergeant
              (2 damage)
             ... on level 8 of the Dungeon.
             The game lasted 00:05:57 (6662 turns).

LLlMATKO the Cleaver (Minotaur Berserker)           Turns: 6662, Time: 00:05:58

Health: -1/91      AC: 15    Str: 25    XL:     10   Next: 4%
Magic:  9/9        EV: 10    Int:  4    God:    Trog [***...]
Gold:   384        SH:  0    Dex: 11    Spells: 9/9 levels left

rFire   . . .        k - +0 war axe
rCold   . . .        (no shield)
rNeg    . . .        A - +0 plate armour
rPois   .            (helmet restricted)
rElec   .            (no cloak)
rCorr   .            b - +0 pair of gloves {Stlth+}
SInv    +            (no boots)
Will    .....        (no amulet) Stlth
                     H - ring of see invisible
HPRegen 0.35/turn    (no ring)
MPRegen 0.11/turn

%: no passive effects
@: on berserk cooldown, slowed, very slow
A: horns 2, retaliatory headbutt
a: Renounce Religion, Berserk, Trog's Hand


You were on level 8 of the Dungeon.
You worshipped Trog.
Trog was most pleased with you.
You visited 1 branch of the dungeon, and saw 8 of its levels.

You collected 384 gold pieces.

Inventory:

Hand Weapons
 j - a +4 spear
 k - a +0 war axe (weapon)
 s - a +0 war axe
 J - a +0 war axe
Missiles
 e - 2 javelins (quivered)
 y - 8 poisoned darts
Armour
 b - a +0 pair of gloves of stealth (worn)
 d - a +0 scale mail
 A - a +0 plate armour (worn)
Jewellery
 t - a ring of ice
 H - a ring of see invisible (left hand)
Wands
 q - a wand of iceblast (9)
 w - a wand of flame (29)
 G - a wand of digging (4)
Scrolls
 c - 11 scrolls of identify
 h - 2 scrolls of poison
 i - 5 scrolls of teleportation {unknown}
 l - 3 scrolls of amnesia
 m - a scroll of acquirement {unknown}
 p - 3 scrolls of noise {unknown}
 x - a scroll of immolation {unknown}
 D - 2 scrolls of vulnerability {unknown}
 E - a scroll of blinking {unknown}
 I - a scroll of silence {unknown}
Potions
 a - 2 potions of heal wounds {unknown}
 f - 5 potions of curing
 g - 4 potions of mutation {unknown}
 n - a potion of invisibility {unknown}
 o - 3 potions of brilliance {unknown}
 r - 3 potions of might {unknown}
 u - 2 potions of degeneration {unknown}
 v - a potion of attraction {unknown}
 z - a potion of flight {unknown}
 B - a potion of magic {unknown}
 C - a potion of haste {unknown}
 F - a potion of cancellation {unknown}


   Skills:
 + Level 9.3 Fighting
 + Level 9.3 Axes
 + Level 8.9 Armour
 + Level 8.1 Dodging
 + Level 3.0 Shields


You had 9 spell levels left.
You didn't know any spells.
Your spell library was empty.

Dungeon Overview and Level Annotations

Branches:
Dungeon (8/15)             Temple (0/1) D:6
   Lair: D:8-11

Altars:
Ashenzari
Elyvilon
Fedhas
Gozag
Hepliaklqana
Nemelex Xobeh
Okawaru
Trog
Uskayaw
Wu Jian
Xom
Lugonu

Shops:
D:1 (

Portals:
Abyss: D:8


Innate Abilities, Weirdness & Mutations

You have a pair of horns on your head.
You reflexively headbutt those who attack you in melee.


Message History

* * * LOW HITPOINT WARNING * * *
Your Shields skill increases to level 3!
Unknown command.
You struggle against the net.
The orc hits you with a +0 whip.
* * * LOW HITPOINT WARNING * * *
The orc hits you but does no damage. The gnoll completely misses you.
Unknown command.
Unknown command.
You struggle against the net.
The orc hits you but does no damage. x2
The gnoll hits you from afar with a +0 halberd.
* * * LOW HITPOINT WARNING * * *
The gnoll hits you from afar with a +0 halberd.
* * * LOW HITPOINT WARNING * * *
The orc hits you with a +0 dagger.
* * * LOW HITPOINT WARNING * * *
The orc hits you with a +0 whip.
* * * LOW HITPOINT WARNING * * *
Unknown command.
Unknown command.
You rip the net and break free!
The orc hits you but does no damage. x2
The gnoll hits you but does no damage.
Unknown command.
Unknown command.
Unknown command.
You barely miss the orc. You headbutt the orc.
You kill the orc!
Trog accepts your kill.
You slash the orc!
You kill the orc!
Trog accepts your kill. The gnoll hits you but does no damage.
The gnoll barely misses you.
Unknown command.
The gnoll hits you with a +0 halberd.
* * * LOW HITPOINT WARNING * * *
Things that are here:
a +0 dagger; a +0 flail; an orc corpse You hit the gnoll.
Your headbutt misses the gnoll.
The gnoll is moderately wounded.
The gnoll hits you with a +0 halberd.
You die...

#...# # #...# #
#...# # ########
#...# #○°°○..#
#...#######
#°○....###..........
#○.°°...............
#...)..###.#.#.#....
##.#.g@)°°#
#.#...#..##
.°....°)).°#
#.#..##..#
.##.#○######
#.#..##..# #. #.
#........# #
####.##### #.# .#


You could see a gnoll.

Vanquished Creatures
  Pikel (D:6)
  2 kobold demonologists (D:5)
  Sigmund (D:6)
  Eustachio (D:5)
  2 steam dragons (D:7)
  An orc warrior (D:8)
  2 sky beasts
  An ice beast (D:7)
  2 black bears
  2 ogres
  A phantom (D:5)
  2 lemures (D:6)
  A kobold brigand (D:5)
  3 bullfrogs
  A gnoll sergeant (D:8)
  3 scorpions (D:5)
  5 wights (D:6)
  2 howler monkeys
  A gnoll bouda (D:7)
  6 orc priests
  5 hounds
  An iguana (D:5)
  5 orc wizards
  2 sleepcaps
  10 gnolls
  9 adders
  A white imp (D:6)
  An ufetubus (D:6)
  A worm (D:4)
  2 dart slugs
  29 orcs
  6 ball pythons
  A bat (D:1)
  10 endoplasms
  A giant cockroach (D:4)
  4 goblins
  10 hobgoblins
  2 jackals (D:3)
  3 kobolds
  4 quokkas
  3 frilled lizards
  4 rats
154 creatures vanquished.

Vanquished Creatures (others)
  A hound (D:7)
  2 lurking horrors (D:8)
  4 plants (D:4)
7 creatures vanquished.

Grand Total: 161 creatures vanquished

Notes
Turn   | Place    | Note
-------+----------+-------------------------------------------
     0 | D:1      | LLlMATKO the Minotaur Berserker began the quest for the
                  | Orb.
     0 | D:1      | Reached XP level 1. HP: 19/19 MP: 0/0
   165 | D:1      | Reached XP level 2. HP: 27/27 MP: 1/1
   335 | D:1      | Found Gipp's Weapon Shop.
   804 | D:2      | You fall into a shaft and drop 2 floors!
   939 | D:3      | Reached XP level 3. HP: 33/33 MP: 2/2
  1079 | D:2      | Reached XP level 4. HP: 20/41 MP: 3/3
  1400 | D:2      | Reached ** piety under Trog
  1818 | D:3      | Reached XP level 5. HP: 47/47 MP: 4/4
  2221 | D:4      | Found a sparkling altar of Nemelex Xobeh.
  2222 | D:4      | Found an opulent altar of Gozag.
  2227 | D:4      | Reached skill level 5 in Fighting
  2227 | D:4      | Reached skill level 5 in Axes
  2357 | D:4      | Noticed a sky beast
  2368 | D:4      | Killed a sky beast
  2369 | D:4      | Reached XP level 6. HP: 56/56 MP: 5/5
  2458 | D:4      | Found a shimmering altar of Xom.
  2459 | D:4      | Found an iron altar of Okawaru.
  2465 | D:4      | Found a hazy altar of Hepliaklqana.
  2480 | D:4      | Found a white marble altar of Elyvilon.
  2499 | D:4      | Found a bloodstained altar of Trog.
  2696 | D:4      | Found a blossoming altar of Fedhas.
  2715 | D:4      | Reached skill level 5 in Armour
  2790 | D:4      | Reached XP level 7. HP: 62/62 MP: 6/6
  2814 | D:4      | Found a hide-covered altar of Uskayaw.
  3198 | D:5      | Entered Level 5 of the Dungeon
  3205 | D:5      | Noticed Eustachio
  3275 | D:5      | Killed Eustachio
  3283 | D:5      | Reached skill level 5 in Dodging
  3366 | D:5      | Noticed a kobold demonologist
  3370 | D:5      | Noticed a kobold demonologist
  3380 | D:5      | Killed a kobold demonologist
  3381 | D:5      | Reached XP level 8. HP: 71/71 MP: 7/7
  3384 | D:5      | Killed a kobold demonologist
  3529 | D:5      | Reached *** piety under Trog
  3549 | D:5      | Found an ornate altar of the Wu Jian Council.
  3655 | D:5      | Found a broken altar of Ashenzari.
  3953 | D:6      | Noticed Pikel
  3963 | D:6      | Killed Pikel
  3964 | D:6      | Reached XP level 9. HP: 81/81 MP: 8/8
  4016 | D:6      | Noticed Sigmund
  4020 | D:6      | Killed Sigmund
  4031 | D:6      | Found a staircase to the Ecumenical Temple.
  5323 | D:7      | Reached skill level 1 in Shields
  6406 | D:8      | Reached XP level 10. HP: 91/91 MP: 9/9
  6434 | D:8      | Found a one-way gate to the infinite horrors of the Abyss.
  6435 | D:8      | Found a corrupted altar of Lugonu.
  6658 | D:8      | HP: 2/91 [orc/+0 dagger (3)]
  6662 | D:8      | Slain by a gnoll

Illustrated notes

Levels and vault maps discovered:
D:1:      saegor_arrival_fortress, layout_basic, serial_shops,
          nicolae_shop_bloodbath_and_beyond
D:2:      layout_rooms, minmay_misc_feat_tower
D:3:      layout_loops_ring
D:4:      layout_layer_cave, grunt_temple_overflow_opulence,
          mainiacjoe_overflow_tiny_flanked, nicolae_elyvilon_temple_path,
          grunt_temple_overflow_open, minmay_fractal_squares_diagonal_5
D:5:      layout_rooms, kennysheep_mini, mainiacjoe_overflow_six_doors_small,
          corexii_shack, chequers_serial_rivers_small_a, uniq_eustachio
D:6:      layout_layer_cave, minmay_temple_entry_glass,
          minmay_misc_feat_ornament, uniq_pikel, uniq_sigmund
D:7:      layout_loops_ring
D:8:      layout_loops_cross, amcnicky_altar_lugonu_corruption

Skill      XL: |  1  2  3  4  5  6  7  8  9 10 |
---------------+-------------------------------+-----
Axes           | 4 5 6 8 9 |  9.3
Fighting       | 4 5 6 8 9 |  9.3
Armour         | 3 4 5 6 7 8 |  8.9
Dodging        | 3 4 5 7 8 |  8.1
Shields        | 2 3 |  3.0

Action                     |  1- 3 |  4- 6 |  7- 9 | 10-12 || total
---------------------------+-------+-------+-------+-------++-------
  Melee: Hand axe          |    42 |       |       |       ||    42
         Headbutt          |     7 |    10 |    42 |     1 ||    60
         Punch             |     1 |     1 |     2 |       ||     4
         War axe           |    22 |    97 |   181 |    13 ||   313
 Invoke: Berserk           |     2 |     1 |     6 |     2 ||    11
    Use: Scroll            |       |       |       |     3 ||     3
 Armour: Scale mail        |    20 |    35 |    24 |       ||    79
         Plate armour      |       |       |    70 |    30 ||   100
  Dodge: Dodged            |    31 |    55 |    92 |    36 ||   214
